 Dungeon Crawl Stone Soup version 0.31-a0-859-g9dce7d3444 (webtiles) character file.

Game seed: 1278118550624879881

61459 Dirtsage the Grappler (level 15, -2/108 HPs)
             Began as an Octopode Shapeshifter on Oct 8, 2023.
             Was a High Priest of Wu Jian.
             Slain by a hog (11 damage)
             ... led by Kirke
             ... on level 14 of the Dungeon on Oct 9, 2023.
             The game lasted 00:51:06 (21029 turns).

Dirtsage the Grappler (Octopode Shapeshifter)      Turns: 21029, Time: 00:51:06

Health: -2/108     AC:  0    Str: 19    XL:     15   Next: 3%
Magic:  0/15       EV: 17    Int: 15    God:    Wu Jian [*****.]
Gold:   1516       SH:  0    Dex: 13    Spells: 14/14 levels left

rFire   . .          .
                       - Unarmed
rCold   . . .        u - melded +0 buckler
rNeg    . . .        (helmet currently unavailable)
rPois   .            e - amulet "Novaa" {Spirit Will+ Int+2}
rElec   .            I - melded ring of protection from cold
rCorr   .            j - melded ring of magical power
SInv    .            F - melded ring of protection from fire
Will    ++...        H - melded ring of flight
Stlth   ++++         P - melded ring of protection from fire
HPRegen 0.38/turn    S - melded ring of see invisible
MPRegen 0.14/turn    T - melded +4 ring of protection
                     b - melded ring of magical power

%: guardian spirit
@: about to teleport, pig-form, studying Polearms, very quick
A: fast, no casting, almost no armour, (amphibious), (8 rings), small,
(camouflage 1), (gelatinous body 1), (nimble swimmer 1), (tentacles)
a: Renounce Religion, Wall Jump, Serpent's Lash, Heavenly Storm


You were on level 14 of the Dungeon.
You worshipped Wu Jian.
Wu Jian was extremely pleased with you.
You were a filthy swine.
You visited 3 branches of the dungeon, and saw 20 of its levels.
You visited the Abyss 1 time.
You also visited: Bailey.

You collected 1698 gold pieces.
You spent 182 gold pieces at shops.

Inventory:

Missiles
 a - 11 curare-tipped darts
 M - 3 throwing nets
Armour
 u - a +0 buckler (melded)
Jewellery
 b - a ring of magical power (melded)
 e - the amulet "Novaa" (around neck) {Spirit Will+ Int+2}
   (You found it on level 3 of the Dungeon)

   [amulet of guardian spirit]

   Spirit:    It causes incoming damage to be divided between your reserves of
   health and magic.
   Int+2:     It affects your intelligence (+2).
   Will+:     It increases your willpower.
 j - a ring of magical power (melded)
 m - a ring of ice
 F - a ring of protection from fire (melded)
 G - an amulet of regeneration
 H - a ring of flight (melded)
 I - a ring of protection from cold (melded)
 P - a ring of protection from fire (melded)
 S - a ring of see invisible (melded)
 T - a +4 ring of protection (melded)
Talismans
 o - a serpent talisman
 r - a maw talisman
Wands
 x - a wand of charming (7)
 y - a wand of flame (18)
 D - a wand of digging (9)
 E - a wand of mindburst (16)
 U - a wand of light (8)
 V - a wand of iceblast (8)
 W - a wand of polymorph (5)
Scrolls
 f - 3 scrolls of torment
 g - 3 scrolls of fear
 n - 6 scrolls of immolation
 p - a scroll of poison
 s - 4 scrolls of amnesia
 t - 4 scrolls of teleportation
 v - 4 scrolls of noise
 w - 3 scrolls of fog
 z - 2 scrolls of butterflies
 A - 2 scrolls of revelation
 B - 2 scrolls of blinking
 L - 2 scrolls of silence
 Q - 2 scrolls of enchant armour
Potions
 c - 2 potions of invisibility
 d - 2 potions of might
 h - 2 potions of haste
 i - 4 potions of ambrosia {unknown}
 k - 3 potions of enlightenment
 l - 3 potions of heal wounds
 q - 14 potions of curing
 K - 4 potions of mutation
 N - 3 potions of brilliance
 Z - a potion of attraction {unknown}
Miscellaneous
 C - a lightning rod (4/4)
 J - a condenser vane
 O - a phial of floods
 R - a phantom mirror
 X - a box of beasts


   Skills:
 + Level 11.6 Fighting
 + Level 7.4 Dodging
 + Level 9.9 Stealth
 + Level 14.0 Unarmed Combat
 + Level 12.4 Evocations
 + Level 11.7 Shapeshifting


You had 14 spell levels left.
You didn't know any spells.
Your spell library contained the following spells:

 Spells                   Type           Power      Damage    Failure   Level
 Slow                     Hex            0%         N/A       26%         1
 Sting                    Tmut/Pois      0%         1d3       26%         1
 Lesser Beckoning         Tloc           0%         N/A       38%         2
 Poisonous Vapours        Pois/Air       0%         N/A       38%         2
 Confusing Touch          Hex            0%         N/A       63%         3
 Gell's Gravitas          Tloc           0%         N/A       63%         3
 Inner Flame              Hex/Fire       0%         N/A       63%         3
 Ozocubu's Armour         Ice            0%         N/A       63%         3
 Sigil of Binding         Hex            0%         N/A       63%         3
 Teleport Other           Tloc           0%         N/A       63%         3
 Vampiric Draining        Necr           0%         2d6       63%         3
 Cause Fear               Hex            0%         N/A       95%         4
 Olgreb's Toxic Radiance  Pois           0%         N/A       95%         4
 Fireball                 Conj/Fire      0%         3d3       100%        5
 Metabolic Englaciation   Hex/Ice        0%         N/A       100%        5
 Yara's Violent Unravell  Hex/Tmut       0%         3d3       100%        5
 Simulacrum               Ice/Necr       0%         N/A       100%        6
 Enfeeble                 Hex            0%         N/A       100%        7
 Dragon's Call            Summ           0%         N/A       100%        9


Dungeon Overview and Level Annotations

Branches:
Dungeon (14/15)            Temple (1/1) D:7            Lair (5/5) D:9
 Shoals (0/4) Lair:2        Snake (0/4) Lair:3        Slime (0/5) Lair:4
    Orc (0/2) D:9          Bailey (visited)
 Vaults: D:13-14

Altars:
Ashenzari
Cheibriados
Dithmenos
Elyvilon
Fedhas
Gozag
Hepliaklqana
Kikubaaqudgha
Makhleb
Nemelex Xobeh
Okawaru
Qazlal
Ru
Sif Muna
Trog
Uskayaw
Vehumet
Wu Jian
Xom
Yredelemnul
Zin
The Shining One
Jiyva

Shops:
D:5 :   D:8 ?

Annotations:
D:13 Kirke
Lair:1 2 transporters
Lair:4 2 transporters, Kely's ghost, journeyman OpSh


Innate Abilities, Weirdness & Mutations

You are a filthy swine.
You move quickly.
Your equipment is almost entirely melded.
You are incapable of wielding weapons or throwing items.
You cannot cast spells.
You cannot wear most types of armour.
((You are amphibious.))
((You can wear up to eight rings at the same time.))
((Your skin changes colour to match your surroundings (Stealth+).))
((Your rubbery body absorbs attacks. (AC +1, EV +1)))
((You are camouflaged when in or above water. (Stealth+)))
((You have tentacles for arms and can constrict up to eight enemies at once.))


Message History

You take 4 damage, and have 53/129 hp.
You now have 15/33 mp.
You lash Kirke!
Kirke is heavily wounded.
You constrict Kirke. The hog bites you. Kirke gestures at you while chanting.
Your transformation has ended.
Your +0 buckler unmelds from your body.
You turn into a filthy swine.
Your +0 buckler melds into your body.
Your ring of protection from cold melds into your body.
Your ring of magical power melds into your body.
Your ring of protection from fire melds into your body.
Your ring of flight melds into your body.
Your ring of protection from fire melds into your body.
Your ring of see invisible melds into your body.
Your +4 ring of protection melds into your body.
Your ring of magical power melds into your body.
You feel your magic capacity decrease.
You float gracefully downwards.
You feel your magic capacity decrease.
You lose your grip on Kirke.
You take 2 damage, and have 51/108 hp.
You now have 0/15 mp.
You spin and attack the hog.
You hit the hog.
The hog is severely wounded.
The hog closely misses you.
Kirke mumbles some strange words.
Kirke summons a lindwurm!
The hog attacks as it pursues you! The hog bites you.
The hog attacks as it pursues you! The hog bites you!
You take 10 damage, and have 41/108 hp.
The hog attacks as it pursues you! The hog bites you!
There is a stone staircase leading down here.
You take 6 damage, and have 35/108 hp.
The hog bites you!
* * * LOW HITPOINT WARNING * * *
You climb downwards.
There is a stone staircase leading up here.
You take 14 damage, and have 21/108 hp.
As you read the scroll of teleportation, it crumbles to dust.
You feel strangely unstable. The hog barely misses you. The hog bites you!
* * * LOW HITPOINT WARNING * * *
The hog bites you!
You die...

...# ...#
...###
.....
+##...#
.....
#.h#.#
#h...#
#h.##....
....# .
..####
... #...
##.# ..


You could see 2 hogs.

Vanquished Creatures
  Rupert (Lair:4)
  An azure jelly (Lair:5)
  A dire elephant (Lair:5)
  Snorg (Lair:5)
  Erolcha (D:10)
  A rakshasa (D:11)
  A hydra (Lair:5)
  6 catoblepae
  A deep troll shaman (Lair:5)
  An ice dragon (Lair:4)
  2 two-headed ogres
  6 boulder beetles
  4 death yaks (Lair:5)
  The ghost of night the Skirmisher, a journeyman SpHs of Dithmenos (D:11)
  Nergalle (D:11)
  The ghost of AppleFox63 the Zephyrmancer, a novice DEAE of Vehumet (D:6)
  Maurice (D:8)
  2 cyclopes (D:13)
  A merfolk siren (Lair:2)
  12 elephants
  A torpor snail (Lair:4)
  3 black mambas
  Joseph (D:10)
  A molten gargoyle (D:13)
  3 kobold demonologists (D:11)
  10 komodo dragons
  9 cane toads
  Maggie (D:10)
  3 unseen horrors
  Jeremiah (D:6)
  5 rime drakes
  A troll (D:13)
  A hornet (D:10)
  3 merfolk (Lair:2)
  A raiju (shapeshifter) (D:12)
  17 blink frogs
  7 polar bears
  11 dream sheep (Lair:4)
  3 slime creatures (Lair:5)
  A wraith (D:10)
  8 wyverns
  2 shadows (D:12)
  2 vampires
  36 yaks
  3 basilisks
  7 vampire mosquitoes (D:12)
  A warg (D:9)
  2 steam dragons
  2 acid dragons
  4 nagas (Lair:3)
  13 water moccasins
  12 orc warriors
  A black bear (D:5)
  An ice beast (D:4)
  3 sky beasts
  5 ogres
  14 wolves
  5 centaurs
  A phantom (D:5)
  12 kobold brigands
  A gnoll sergeant (D:12)
  6 scorpions
  7 bullfrogs
  9 wights
  10 killer bees
  8 howler monkeys
  8 jellies
  10 orc priests
  A gnoll bouda (D:6)
  3 hounds
  Terence (D:2)
  5 sleepcaps
  Jessica (D:3)
  8 iguanas
  11 orc wizards
  8 gnolls
  8 adders
  A shadow imp (D:6)
  3 white imps
  2 worms
  4 dart slugs
  34 orcs
  15 ball pythons
  8 bats
  10 endoplasms
  5 giant cockroaches
  11 goblins
  13 hobgoblins
  2 jackals (D:1)
  24 kobolds
  4 quokkas
  3 frilled lizards
  3 rats
510 creatures vanquished.

Notes
Turn   | Place    | Note
-------+----------+-------------------------------------------
     0 | D:1      | Dirtsage the Octopode Shapeshifter began the quest for the
                  | Orb.
     0 | D:1      | Reached XP level 1. HP: 13/13 MP: 1/1
   166 | D:1      | Reached XP level 2. HP: 12/18 MP: 2/2
   393 | D:1      | Reached XP level 3. HP: 23/23 MP: 3/3
   414 | D:1      | Found a faded altar of an unknown god.
   709 | D:2      | Noticed Terence
   721 | D:2      | Killed Terence
   722 | D:2      | Reached skill level 4 in Unarmed Combat
   722 | D:2      | Reached XP level 4. HP: 9/28 MP: 4/4
  1572 | D:3      | Noticed Jessica
  1579 | D:3      | Killed Jessica
  1580 | D:3      | Reached XP level 5. HP: 33/33 MP: 5/5
  1588 | D:3      | Identified the amulet "Novaa" {Spirit Will+ Int+2}
  2645 | D:4      | Reached skill level 5 in Unarmed Combat
  2645 | D:4      | Reached XP level 6. HP: 36/39 MP: 6/6
  2660 | D:4      | Noticed an ice beast
  2683 | D:4      | Killed an ice beast
  2888 | D:4      | Reached skill level 5 in Shapeshifting
  2954 | D:4      | Reached XP level 7. HP: 35/45 MP: 5/7
  4024 | D:5      | Entered Level 5 of the Dungeon
  4147 | D:5      | Found Loranaoh's Book Shop.
  4283 | D:5      | Reached skill level 6 in Unarmed Combat
  4283 | D:5      | Reached XP level 8. HP: 27/54 MP: 5/8
  4589 | D:5      | Found a glowing golden altar of the Shining One.
  4690 | D:5      | Found an iron altar of Okawaru.
  5308 | D:5      | Reached skill level 5 in Fighting
  5312 | D:5      | Reached XP level 9. HP: 30/61 MP: 1/9
  5314 | D:5      | Reached skill level 7 in Unarmed Combat
  5505 | D:5      | Identified the +8 long sword of Revolt {speed, rF+ Will+++}
  6539 | D:6      | Noticed Jeremiah
  6555 | D:6      | Killed Jeremiah
  6634 | D:6      | Found a runed translucent gate.
  6635 | D:6      | Found a runed translucent gate.
  6636 | D:6      | Found a runed translucent gate.
  6637 | D:6      | Noticed AppleFox63's ghost (novice DEAE)
  7135 | D:6      | Found a snail-covered altar of Cheibriados.
  7252 | D:6      | Found a stormy altar of Qazlal.
  7301 | D:6      | Reached skill level 8 in Unarmed Combat
  7380 | D:6      | Found a hide-covered altar of Uskayaw.
  7499 | D:7      | Found a flagged portal.
  7505 | D:7      | Reached XP level 10. HP: 69/69 MP: 10/10
  7517 | Bailey   | Entered a bailey
  8054 | Bailey   | Found a burning altar of Makhleb.
  8128 | D:7      | Found a white marble altar of Elyvilon.
  8321 | D:7      | Reached skill level 9 in Unarmed Combat
  8695 | D:7      | Found a staircase to the Ecumenical Temple.
  8702 | Temple   | Entered the Ecumenical Temple
  8721 | Temple   | Became a worshipper of the Wu Jian Council
  9138 | D:7      | Found a sacrificial altar of Ru.
  9405 | D:8      | Noticed Maurice
  9411 | D:8      | Something stole a condenser vane
  9434 | D:8      | Killed Maurice
  9452 | D:8      | Found a transporter.
  9452 | D:8      | Found Ferphidisk's Magic Scroll Shoppe.
  9558 | D:8      | Reached skill level 10 in Unarmed Combat
  9642 | D:8      | Found a transporter.
  9710 | D:8      | Reached skill level 1 in Evocations
  9724 | D:8      | Found a shimmering altar of Xom.
  9745 | D:8      | Reached * piety under Wu Jian
  9746 | D:8      | Reached skill level 10 in Shapeshifting
 10030 | D:8      | Bought a scroll of identify for 26 gold pieces
 10030 | D:8      | Bought a scroll of identify for 26 gold pieces
 10030 | D:8      | Bought a scroll of identify for 26 gold pieces
 10030 | D:8      | Bought a scroll of identify for 26 gold pieces
 10030 | D:8      | Bought a scroll of identify for 26 gold pieces
 10030 | D:8      | Bought a scroll of amnesia for 52 gold pieces
 10049 | D:9      | Found a blossoming altar of Fedhas.
 10348 | D:9      | Reached XP level 11. HP: 75/77 MP: 11/11
 10564 | D:9      | Found a staircase to the Lair.
 10724 | D:9      | Found a staircase to the Orcish Mines.
 10794 | D:9      | Reached ** piety under Wu Jian
 11046 | D:10     | Entered Level 10 of the Dungeon
 11097 | D:10     | Reached skill level 11 in Unarmed Combat
 11204 | D:10     | Reached skill level 5 in Evocations
 11285 | D:10     | Noticed Erolcha
 11400 | Lair:1   | Entered Level 1 of the Lair of Beasts
 11455 | Lair:1   | Noticed a boulder beetle
 11467 | Lair:1   | Noticed a catoblepas
 11562 | Lair:1   | Found a transporter.
 11564 | Lair:1   | Found a transporter.
 11567 | Lair:1   | Noticed a boulder beetle
 11583 | Lair:1   | Killed a catoblepas
 11931 | Lair:1   | Found a hide-covered altar of Uskayaw.
 11932 | Lair:1   | Found an ornate altar of the Wu Jian Council.
 11937 | Lair:1   | Killed a boulder beetle
 11938 | Lair:1   | Reached skill level 12 in Unarmed Combat
 11938 | Lair:1   | Reached XP level 12. HP: 85/85 MP: 12/12
 12402 | Lair:2   | Noticed a catoblepas
 12411 | Lair:2   | Killed a catoblepas
 12627 | Lair:2   | Reached skill level 1 in Stealth
 12627 | Lair:2   | Reached *** piety under Wu Jian
 12696 | Lair:2   | Found a staircase to the Shoals.
 12894 | Lair:2   | Noticed a catoblepas
 12905 | Lair:2   | Killed a catoblepas
 13275 | Lair:2   | Noticed a catoblepas
 13303 | Lair:2   | Killed a catoblepas
 13779 | Lair:3   | Reached XP level 13. HP: 87/92 MP: 13/13
 13816 | Lair:3   | Reached skill level 10 in Fighting
 13938 | Lair:3   | Found a staircase to the Snake Pit.
 13977 | Lair:3   | Reached skill level 5 in Stealth
 14020 | Lair:3   | Reached skill level 10 in Evocations
 14035 | Lair:3   | Reached **** piety under Wu Jian
 14616 | Lair:4   | Reached skill level 13 in Unarmed Combat
 14720 | Lair:4   | Noticed an ice dragon
 14729 | Lair:4   | Killed an ice dragon
 14749 | Lair:4   | Identified the +1 pair of boots of Dogmatism {Dex+3}
 14806 | Lair:4   | Noticed Rupert
 14813 | Lair:4   | Killed Rupert
 14814 | Lair:4   | Reached skill level 5 in Dodging
 14933 | Lair:4   | Upgraded the game from 0.31-a0-854-g362426d53f to
                  | 0.31-a0-859-g9dce7d3444
 14936 | Lair:4   | Noticed Kely's ghost (journeyman OpSh)
 14941 | Lair:4   | Identified the +8 dagger "Xedegel" {freeze, Str+5}
 15249 | Lair:4   | Found a viscous altar of Jiyva.
 15249 | Lair:4   | Found a staircase to the Slime Pits.
 15395 | Lair:4   | Found a transporter.
 15463 | Lair:4   | Found a transporter.
 15729 | Lair:5   | Entered Level 5 of the Lair of Beasts
 16143 | Lair:5   | Noticed an azure jelly
 16209 | Lair:5   | Killed an azure jelly
 16210 | Lair:5   | Reached XP level 14. HP: 89/99 MP: 14/14
 17044 | Lair:5   | Noticed a dire elephant
 17063 | Lair:5   | Killed a dire elephant
 17179 | Lair:5   | Identified the +4 chain mail of Magic {*Corrode rC++ Int+8}
 17240 | Lair:5   | Reached ***** piety under Wu Jian
 17432 | Lair:5   | Noticed Snorg
 17445 | Lair:5   | Killed Snorg
 17842 | D:10     | Noticed Maggie
 17847 | D:10     | Killed Maggie
 17859 | D:10     | Noticed Joseph
 17869 | D:10     | Killed Joseph
 17956 | D:10     | Killed Erolcha
 18663 | D:11     | Found a transporter.
 18763 | D:11     | Noticed night's ghost (journeyman SpHs)
 18767 | D:11     | Found a transporter.
 19050 | D:11     | Noticed Nergalle
 19059 | D:11     | Killed Nergalle
 19219 | D:11     | Killed night's ghost
 19486 | D:6      | Found a burning altar of Makhleb.
 19543 | D:6      | Killed AppleFox63's ghost
 20658 | Abyss:1  | Cast into level 1 of the Abyss (orc wizard)
 20714 | Abyss:2  | Found a corrupted altar of Lugonu.
 20728 | D:12     | Escaped the Abyss
 20997 | D:13     | Reached skill level 14 in Unarmed Combat
 20997 | D:13     | Reached XP level 15. HP: 107/107 MP: 15/15
 21003 | D:13     | Noticed Kirke
 21029 | D:14     | Slain by a hog

Illustrated notes

Levels and vault maps discovered:
D:1:      sevenhm_arrival_forest_fort_small_4, layout_loops_ring,
          ebering_ecumenical_altar_hall
D:2:      layout_basic, uniq_terence
D:3:      cheibrodos_greedy_goblins, layout_loops_ring, uniq_jessica
D:4:      minmay_door_path, layout_layer_cave
D:5:      minmay_clustersquares, layout_cave_pods, tso_oasis_becter,
          general_overflow_altar, serial_shops, shop
D:6:      layout_basic, nicolae_uskayaw_dance_studio,
          nicolae_overflow_hidden_temple, gammafunk_ghost_split,
          minmay_stone_trees_medium, chequers_serial_rivers_large_a,
          grunt_ministairs_13, minmay_crossroads, uniq_jeremiah
D:7:      layout_cave_pods, mainiacjoe_overflow_alcove_2, elyvilon_altar_1,
          minmay_temple_entry_statues_pillars, enter_bailey_5
D:8:      layout_rooms, nicolae_overflow_crystal_walls, serial_shops,
          nicolae_shop_drivethru, minmay_fractal_squares_5, uniq_maurice
D:9:      layout_rooms, fedhas_ov_isle_minmay, erik_lair_dragon,
          david_orc_1_choice
D:10:     layout_loops_ring, uniq_joseph, uniq_maggie, uniq_erolcha
D:11:     layout_basic, gammafunk_ghost_arena, grunt_ministairs_8, uniq_nergalle
D:12:     layout_irregular_city, hangedman_abyss_or_decor_stagger,
          dk_noncrumbling_2
D:13:     layout_layer_cave, kennysheep_big_empty_room, nicolae_wwwww,
          st_stairs_13, uniq_kirke
D:14:     layout_basic, david_vaults_4, gammafunk_ghost_smash
Temple:   nicolae_temple_slightly_damp_pantheon
Lair:1:   gammafunk_boulding_lane, layout_chaotic_city, bh_autumn_forest_stairs,
          nzn_masters_of_martial_movement
Lair:2:   layout_chaotic_city, elwin_shoals_entry_stream
Lair:3:   layout_loops_ring, minmay_snake_entry_guardpost_small
Lair:4:   dragon1_lemuel, layout_concentric_octagons, slime_entry_1,
          gammafunk_ghost_arena, serial_bayou_lake_a, grunt_megastairs_1,
          uniq_rupert
Lair:5:   grunt_lair_end_beastmaster, layout_misc_corridors,
          nicolae_lair_time_for_slime, uniq_snorg

Skill      XL: |  1  2  3  4  5  6  7  8  9 10 11 12 13 14 |
---------------+-------------------------------------------+-----
Unarmed Combat | 4 5 6 8 10 12 13 14 | 14.0
Shapeshifting  | 4 5 6 7 9 10 11 | 11.7
Fighting       | 2 3 5 6 7 9 10 11 | 11.6
Evocations     | 2 7 9 11 12 | 12.4
Stealth        | 4 7 9 |  9.9
Dodging        | 3 5 7 |  7.4

Action                     |  1- 3 |  4- 6 |  7- 9 | 10-12 | 13-15 || total
---------------------------+-------+-------+-------+-------+-------++-------
  Melee: Unarmed           |    56 |   117 |   227 |   480 |   619 ||  1499
         Constrict         |    12 |    24 |    43 |   110 |   117 ||   306
         Tentacles         |     9 |    19 |    10 |       |       ||    38
         Punch             |     2 |     3 |     6 |       |       ||    11
  Throw: Throwing net      |       |     1 |     1 |       |       ||     2
Ability: Lunge             |       |       |       |    22 |    53 ||    75
         Whirlwind         |       |       |       |    30 |   115 ||   145
  Evoke: Lightning rod     |       |       |       |     9 |     7 ||    16
         Wand              |       |       |       |     9 |     6 ||    15
    Use: Scroll            |       |     2 |     2 |    18 |     6 ||    28
         Potion            |       |     1 |     4 |     3 |       ||     8
   Stab: Sleeping          |     5 |     7 |     2 |       |    13 ||    27
         Invisible         |       |       |       |     1 |     2 ||     3
         Petrified         |       |       |       |       |     4 ||     4
         Petrifying        |       |       |       |       |     1 ||     1
 Armour: Skin              |    22 |    35 |   189 |   332 |   395 ||   973
  Dodge: Dodged            |    38 |    62 |    97 |   168 |   224 ||   589
  Block: Buckler           |       |       |     8 |       |       ||     8
   Form: Anaconda          |       |     1 |     1 |       |       ||     2
         Beast             |       |     1 |       |       |       ||     1

Table legend: (Time is in decaauts)
 A = Elapsed time spent in this place.
 B = Non-inter-level travel time spent in this place.
 C = Inter-level travel time spent in this place.
 D = Time resting spent in this place.
 E = Time spent auto-exploring this place.
 F = Levels seen in this place.
 G = Mean time per level.
                   A        B        C        D        E       F      G
               +--------+--------+--------+--------+--------+-----+--------+
         Total |  20825 |  19444 |   1381 |   1142 |  14596 |  23 |  905.4 |
       Dungeon |  13933 |  12828 |   1105 |    702 |   9885 |  14 |  995.2 |
        Temple |     38 |      2 |     36 |      0 |      0 |   1 |   38.0 |
          Lair |   6195 |   5956 |    239 |    440 |   4221 |   5 | 1239.0 |
         Abyss |     69 |     69 |      0 |      0 |     60 |   2 |   34.5 |
        Bailey |    588 |    588 |      0 |      0 |    430 |   1 |  588.0 |
               +--------+--------+--------+--------+--------+-----+--------+

Top non-repeatable levels by time:
     D:5: 2290 daAuts
  Lair:5: 1866 daAuts
     D:4: 1658 daAuts
     D:7: 1345 daAuts
     D:9: 1304 daAuts
     D:6: 1299 daAuts
  Lair:4: 1173 daAuts
  Lair:3: 1106 daAuts
  Lair:2: 1045 daAuts
  Lair:1: 1003 daAuts
    D:11: 979 daAuts
    D:12: 893 daAuts
     D:2: 875 daAuts
    D:10: 843 daAuts
     D:3: 785 daAuts
